[Event "*** Titled Tuesday 3|2 Blitz"]
[Site "Chess.com"]
[Date "2016.09.06"]
[Round "9"]
[White "FearlessKing64"]
[Black "GianmarcoVaR"]
[Result "0-1"]
[WhiteElo "2301"]
[BlackElo "2417"]
[TimeControl "180+2"]
[EndTime "18:49:59 PDT"]
[Termination "GianmarcoVaR won by checkmate"]

1. e4 c6 2. d4 d5 3. e5 Bf5 4. h4 h5 5. Bg5 Qb6 6. Bd3 Bxd3 7.
Qxd3 Qxb2 8. Ne2 e6 9. O-O Qb5 10. Qf3 Be7 11. Nbc3 Qa6 12. a4 Nd7 13. a5 Bxg5 14.
hxg5 Ne7 15. Na4 Nf5 16. Rfb1 Rc8 17. g6 fxg6 18. Nf4 Kf7 19. c3 c5 20. g4 hxg4 21.
Qxg4 Rh6 22. Nh3 Rch8 23. Ng5+ Ke7 24. Kg2 Rh2+ 25. Kf3 Qd3+ 26. Kf4 Rxf2+ 27. Nf3 Rxf3+ 28. Qxf3 Rh4+ 29. Kg5 Qd2+ 30. Kxg6 Nf8# 0-1

[Event "*** Titled Tuesday 3|2 Blitz"]
[Site "Chess.com"]
[Date "2016.09.06"]
[Round "9"]
[White "E-Shaposhnikov"]
[Black "Elshan1985"]
[Result "1-0"]
[WhiteElo "2694"]
[BlackElo "2584"]
[TimeControl "180+2"]
[EndTime "18:50:05 PDT"]
[Termination "E-Shaposhnikov won by resignation"]

1. Nf3 Nf6 2. c4 e6 3. Nc3 d5 4. d4 Nbd7 5. Bf4 dxc4 6. e3 Nd5 7. Bxc4 N7b6 8. Nxd5 exd5 9. Bd3 Bb4+ 10. Nd2 Bd6 11. Bxd6 Qxd6 12. Rc1 O-O 13. Qc2 c6 14. Bxh7+ Kh8 15.
Bf5 a5 16. Bxc8 Rfxc8 17. O-O a4 18. Nf3 Nd7 19. Ng5 Qg6 20. Qxg6 fxg6 21. Rc3 Kg8 22.
Rb1 Kf8 23. Ne6+ Kf7 24. Nf4 Nb6 25. b3 a3 26. Nd3 Nd7 27. b4 Ke7 28. Rbb3 Nb6 29.
Ne5 Na4 30. Rc1 g5 31. h3 Nb2 32. Rcc3 Nd1 33. Rc2 Nb2 34. Kh2 Ke6 35. Kg3 Ra4 36.
Kg4 Rf8 37. f3 Rf5 38. Rcc3 Nd1 39. Rc5 Nf2+ 40. Kg3 Nd1 41. Ra5 b5 42. Rxa4 bxa4 43. Rxa3 Nb2 44. Rc3 Ke7 45. Nxc6+ Kd6 46. Ne5 Rf8 47. a3 Rb8 48. Rc6+ Ke7 49. Rc2 1-0

[Event "*** Titled Tuesday 3|2 Blitz"]
[Site "Chess.com"]
[Date "2016.09.06"]
[Round "9"]
[White "jk13"]
[Black "NTBT_DHS"]
[Result "1-0"]
[WhiteElo "2522"]
[BlackElo "2498"]
[TimeControl "180+2"]
[EndTime "18:50:15 PDT"]
[Termination "jk13 won by checkmate"]

1. d4 Nf6 2. Bf4 g6 3. e3 Bg7 4.
Nf3 O-O 5. h3 d6 6. Be2 c5 7. c3 Nc6 8. O-O Be6 9. Nbd2 Qb6 10.
Qc2 Rac8 11. Rfc1 cxd4 12. exd4 Nd5 13. Nc4 Qd8 14. Qd2 b5 15. Na3 Nxf4 16. Qxf4 a6 17. Nc2 f6 18. a4 Qb6 19. axb5 axb5 20. Qe3 Bf7 21. d5 Qxe3 22. Nxe3 Ne5 23. Nxe5 fxe5 24. Bxb5 Bh6 25. Bc6 e6 26. c4 Rb8 27. Rc2 Bxe3 28.
fxe3 Rb3 29. Ra3 Rfb8 30. Rxb3 Rxb3 31. Kf2 exd5 32. cxd5 e4 33. Rd2 Kg7 34. Rd4 Rxb2+ 35. Kg3 g5 36. Rxe4 h5 37. h4 Bg6 38. Re7+ Kf8 39.
Re6 gxh4+ 40. Kf3 Kg7 41. Rxd6 Rb4 42. Re6 Bf5 43. Re8 Bg4+ 44. Kf2 Rb2+ 45. Kg1 Rd2 46.
e4 Kf6 47. e5+ Kg5 48. Rf8 Re2 49. e6 Bf5 50. Rf7 Kf4 51. e7 Kg3 52. e8=Q Rxg2+ 53. Kf1 Rf2+ 54. Ke1 Rf4 55. Qe5 Kg4 56. Rg7+ Kf3 57. d6+ Be4 58. d7 Bxc6 59. d8=Q Be4 60. Qdd6 Rf5 61.
Rg3+ hxg3 62. Qxg3# 1-0

[Event "*** Titled Tuesday 3|2 Blitz"]
[Site "Chess.com"]
[Date "2016.09.06"]
[Round "9"]
[White "Evgeny_Levin"]
[Black "dretch"]
[Result "1-0"]
[WhiteElo "2676"]
[BlackElo "2641"]
[TimeControl "180+2"]
[EndTime "18:50:45 PDT"]
[Termination "Evgeny_Levin won by resignation"]

1. d4 d5 2. c4 c6 3. Nf3 Nf6 4.
Nc3 dxc4 5. a4 e6 6. e3 c5 7.
Bxc4 Nc6 8. O-O cxd4 9. exd4 Be7 10. d5 exd5 11. Nxd5 Nxd5 12. Bxd5 O-O 13. Be3 Bg4 14. h3 Bh5 15. Qb3 Na5 16. Qa2 Bb4 17. Rfd1 Qf6 18. g4 Bg6 19. Bg5 Qb6 20. Ne5 Bc5 21. Nd7 Bxf2+ 22.
Kf1 Qa6+ 23. Kxf2 Rfe8 24. b4 Rac8 25. b5 Qd6 26. Bxf7+ Bxf7 27. Rxd6 Bxa2 28. Rxa2 Nc4 29. Rd4 h6 30. Bf4 Na5 31. Re2 Nb3 32. Rxe8+ Rxe8 33. Rd5 b6 34. Be3 Na5 35. Ne5 Nb3 36. Nc6 Rf8+ 37.
Ke2 Rf7 38. Rd8+ Kh7 39. Ra8 Rf6 40. Rxa7 Re6 41. Kd3 Rd6+ 42. Kc4 Na1 43. Bxb6 Nc2 44. Bd4 h5 45. Rxg7+ Kh8 46. Rd7+ Rxd4+ 47. Rxd4 1-0

[Event "*** Titled Tuesday 3|2 Blitz"]
[Site "Chess.com"]
[Date "2016.09.06"]
[Round "9"]
[White "DeviatkinAndrey"]
[Black "cheese111"]
[Result "1-0"]
[WhiteElo "2566"]
[BlackElo "2294"]
[TimeControl "180+2"]
[EndTime "18:51:01 PDT"]
[Termination "DeviatkinAndrey won on time"]

1. d4 Nf6 2. Bg5 Ne4 3. Bf4 d5 4. Nd2 Bf5 5. Nxe4 Bxe4 6. f3 Bg6 7. c3 e6 8. Qb3 b6 9. e3 Bd6 10. Nh3 O-O 11. Be2 c5 12. O-O Nc6 13. Bxd6 Qxd6 14. Nf4 cxd4 15. Nxg6 hxg6 16. cxd4 Rac8 17. Rac1 Rc7 18.
Qa4 Ne7 19. Bd3 Rfc8 20. Rxc7 Qxc7 21. Qd1 Nf5 22. Qd2 Qc6 23. g3 Qa4 24. b3 Qc6 25.
Kf2 Qc3 26. Qxc3 Rxc3 27. Ke2 Kf8 28. Kd2 Rc7 29. Rg1 Ke7 30. Be2 Rc8 31. g4 Nd6 32. h4 Rh8 33. Rh1 Kd7 34. Bd3 Ke7 35. e4 dxe4 36. fxe4 g5 37. e5 Ne8 38. h5 Nc7 39.
Be4 Nd5 40. Bxd5 exd5 41. Rf1 1-0

[Event "*** Titled Tuesday 3|2 Blitz"]
[Site "Chess.com"]
[Date "2016.09.06"]
[Round "9"]
[White "Ksenia_Legenko"]
[Black "hypert"]
[Result "0-1"]
[WhiteElo "2030"]
[BlackElo "2323"]
[TimeControl "180+2"]
[EndTime "18:51:05 PDT"]
[Termination "hypert won by resignation"]

1. d4 Nf6 2. c4 e6 3. g3 d5 4.
Nf3 Bb4+ 5. Bd2 Bd6 6. Bg2 c6 7. Bc3 O-O 8. Nbd2 Nbd7 9. Qc2 b6 10. O-O Bb7 11. e4 Nxe4 12. Nxe4 dxe4 13. Qxe4 Nf6 14. Qc2 c5 15. Rad1 Qe7 16. d5 exd5 17. Rfe1 Qd8 18. cxd5 h6 19. h4 Re8 20. Rxe8+ Nxe8 21. Ne5 Qc7 22.
Nf3 Rd8 23. Qf5 Bf8 24. Nh2 Nd6 25. Qc2 Nb5 26. Ng4 Nxc3 27. bxc3 c4 28. Ne3 b5 29. Qf5 Bc8 30. Qh5 Bc5 31. Nc2 Qxg3 32. Nd4 Bxd4 33.
Rxd4 Qxc3 34. Qd1 b4 35. d6 Bd7 36. Bf1 Be6 37. Bg2 b3 38. axb3 cxb3 39. Rd3 Qc5 40. Qd2 a5 41. Bf1 a4 42. Bg2 a3 43. Bd5 Bxd5 44. Rxd5 Qc4 45. Rd4 Qe6 46. Ra4 Qg6+ 47. Kh2 b2 48. Rxa3 b1=Q 49. Rg3 Qxd6 50. Qf4 0-1

[Event "*** Titled Tuesday 3|2 Blitz"]
[Site "Chess.com"]
[Date "2016.09.06"]
[Round "9"]
[White "dusanacns"]
[Black "Lapitch"]
[Result "1-0"]
[WhiteElo "2567"]
[BlackElo "2578"]
[TimeControl "180+2"]
[EndTime "18:51:17 PDT"]
[Termination "dusanacns won by resignation"]

1. e4 c5 2. Nf3 d6 3. Bb5+ Nd7 4. c3 a6 5. Ba4 Nf6 6. Qe2 b5 7. Bc2 e5 8. O-O Be7 9. d4 O-O 10. Rd1 Qc7 11. dxe5 dxe5 12. a4 Rb8 13. axb5 axb5 14.
b3 Bb7 15. Na3 Bc6 16. Bd3 Qb7 17. Nd2 Rfd8 18. c4 b4 19. Nc2 Nf8 20. Bb2 Ng6 21.
g3 Rxd3 22. Qxd3 Nxe4 23. Ne3 Ng5 24. Nd5 Nh3+ 25. Kf1 Bf8 26. Nf3 Re8 27. Qf5 e4 28.
Qxh3 exf3 29. Qf5 Re2 30. Rab1 Re6 31. Qxf3 Ne5 32. Bxe5 Rxe5 33. Rd3 Qc8 34. Kg2 Qe6 35. Rbd1 h5 36. Re3 h4 37. Rxe5 h3+ 38. Kf1 Qxe5 39. Ne7+ Bxe7 40. Qxc6 Qc3 41. Qe8+ Bf8 42. Qe3 Qc2 43.
Qf3 Be7 44. Qd3 Qb2 45. Re1 Bf8 46. g4 g6 47. Qxh3 Bg7 48. Re8+ Bf8 49. Qh6 Qc1+ 50.
Qxc1 1-0

[Event "*** Titled Tuesday 3|2 Blitz"]
[Site "Chess.com"]
[Date "2016.09.06"]
[Round "9"]
[White "Rating-Schmating"]
[Black "AllStarShark"]
[Result "0-1"]
[WhiteElo "2216"]
[BlackElo "2291"]
[TimeControl "180+2"]
[EndTime "18:51:29 PDT"]
[Termination "AllStarShark won by checkmate"]

1. e4 c6 2. Nf3 d5 3. Nc3 Bg4 4. h3 Bxf3 5. Qxf3 e6 6. exd5 cxd5 7. d4 Nc6 8. Be3 Nf6 9. Bd3 Qb6 10. O-O-O Bb4 11.
Nb1 Qa5 12. a3 Be7 13. Bd2 Qc7 14. c3 Nxd4 15. Bf4 e5 16. Bxe5 Nb3+ 17. Kc2 Na1+ 18.
Kc1 Qxe5 19. Rhe1 Qg5+ 20. Nd2 Nb3+ 21. Kc2 Nxd2 22. Rxd2 O-O 23. Rxe7 Ne4 24. Rxe4 dxe4 25.
Qxe4 g6 26. h4 Qa5 27. Qxb7 Qa4+ 28. Kc1 Rfe8 29. Re2 Qxh4 30. Bb5 Qh1+ 31. Kc2 Rxe2+ 32. Bxe2 Re8 33. Bb5 Re6 34. Bc4 Rf6 35. Qxa7 Qxg2 36. Qb8+ Kg7 37. Kb3 Rxf2 38. Qe5+ Rf6 39. a4 h5 40. a5 h4 41. a6 h3 42. a7 h2 43.
Bd5 h1=Q 44. a8=Q Qd1+ 45. Ka2 Qgf1 46. Ka3 Qa1+ 47. Kb4 Qxb2+ 48. Kc5 Qff2+ 49. Qd4 Qxc3+ 50. Kb5 Qcxd4 51. Bxf7 Qc5+ 52. Ka4 Qa2+ 53. Bxa2 Rf4+ 54. Kb3 Rb4+ 55. Ka3 Qc3+ 56. Bb3 Qxb3# 0-1

[Event "*** Titled Tuesday 3|2 Blitz"]
[Site "Chess.com"]
[Date "2016.09.06"]
[Round "9"]
[White "papapizza_old"]
[Black "Rsnr"]
[Result "0-1"]
[WhiteElo "2232"]
[BlackElo "2510"]
[TimeControl "180+2"]
[EndTime "18:51:40 PDT"]
[Termination "Rsnr won on time"]

1. d4 Nf6 2. c4 c5 3. d5 e6 4. Nc3 exd5 5. cxd5 Bd6 6. Nf3 O-O 7. Bg5 Bc7 8. e3 d6 9. Bd3 Bg4 10. h3 Bh5 11. Qb3 Nbd7 12. O-O Bxf3 13. gxf3 Rb8 14. f4 a6 15. a4 Ba5 16. e4 Qc7 17.
Rae1 Rfe8 18. Kh1 c4 19. Qxc4 Qxc4 20. Bxc4 Bxc3 21. bxc3 Nxe4 22. Bh4 Nd2 23. Rxe8+ Rxe8 24. Bd3 Nxf1 25. Bxf1 Nc5 26. a5 Nb3 27. Bg3 f5 28. Kg1 Nxa5 29. f3 Nb3 30. Bf2 Rc8 31. c4 a5 32. Be1 g6 33. Kf2 Ra8 34. Bc3 a4 35. Bb4 a3 36. Bxd6 a2 37. Be5 a1=Q 38. Bxa1 Rxa1 39. d6 Nc5 40. Ke3 Kf7 41. Kd4 b6 42.
Be2 Ke6 43. h4 Kxd6 44. h5 gxh5 45. Kc3 h4 46. Kb2 Re1 47. Bd3 Nxd3+ 48. Kc2 Nc5 49. Kd2 Re8 50. Kd1 h3 51. Kd2 h2 52. Kc2 h1=Q 53.
Kd2 h5 54. Kc2 h4 55. Kb2 Qxf3 56. Kc2 h3 57. Kb2 h2 58. Kc2 h1=Q 59. Kb2 Qxf4 60. Kc2 Qff3 61. Kb2 f4 62. Kc2 Qg3 63. Kb2 f3 64.
Kc2 f2 65. Kd2 f1=Q 0-1

[Event "*** Titled Tuesday 3|2 Blitz"]
[Site "Chess.com"]
[Date "2016.09.06"]
[Round "9"]
[White "Kouzari"]
[Black "Yaacovn"]
[Result "0-1"]
[WhiteElo "2475"]
[BlackElo "2624"]
[TimeControl "180+2"]
[EndTime "18:52:11 PDT"]
[Termination "Yaacovn won by checkmate"]

1. d4 Nf6 2. c4 e5 3. dxe5 Ne4 4.
Nd2 Bb4 5. a3 Bxd2+ 6. Bxd2 Nc6 7. Nf3 Nxd2 8. Qxd2 O-O 9. O-O-O Qe7 10. Qf4 Re8 11.
Rd5 b6 12. e3 Bb7 13. Be2 Na5 14. Rdd1 Rad8 15. Kb1 Nb3 16. Nd4 Nxd4 17. exd4 d6 18. Bf3 dxe5 19. Qxe5 Bxf3 20. gxf3 Qd7 21. Qf4 h6 22. Rhg1 Qe6 23. Rd2 Qd6 24. Qg3 Qf6 25. Rgd1 Rd7 26. d5 g6 27. Ka2 Kg7 28. h4 Re5 29.
Rd4 Rf5 30. f4 c6 31. d6 Qe6 32. Qc3 Qf6 33. Qe3 c5 34. R4d3 Rxf4 35. Qe8 Rxf2 36. R1d2 Rxd2 37. Rxd2 Rxd6 38. Re2 Re6 39. Rxe6 Qxe6 40.
Qa4 Qe4 41. Qb5 Qxh4 42. Kb3 Qg3+ 43. Ka4 h5 44. b4 h4 45. Qc6 h3 46. b5 Qg2 47.
Kb3 Qg3+ 48. Ka4 Qh4 49. Qf3 h2 50. Qh3 Qxc4# 0-1

[Event "*** Titled Tuesday 3|2 Blitz"]
[Site "Chess.com"]
[Date "2016.09.06"]
[Round "9"]
[White "FairChess_on_YouTube"]
[Black "wonderfultime"]
[Result "1/2-1/2"]
[WhiteElo "2705"]
[BlackElo "2692"]
[TimeControl "180+2"]
[EndTime "18:53:24 PDT"]
[Termination "Game drawn - insufficient material"]

1. Nc3 d5 2. e4 dxe4 3. Nxe4 Bf5 4. Ng3 Bg6 5. Nf3 e6 6. h4 h6 7. Ne5 Bh7 8. Qf3 Qf6 9. Bb5+ c6 10. Nxc6 Nd7 11. Qxf6 Ngxf6 12. Nd4 Bc5 13. Nb3 Bd6 14. c3 a6 15. Be2 Ne5 16. d4 Nd3+ 17. Bxd3 Bxd3 18.
Nc5 Bxc5 19. dxc5 O-O-O 20. Be3 Ng4 21. O-O-O e5 22. Rhe1 f5 23. f3 Nf6 24. Bd4 exd4 25.
Rxd3 dxc3 26. Rxc3 Nd5 27. Rb3 Rhf8 28. Re5 g6 29.
Ne2 Rf7 30. Rd3 Nb4 31. Rxd8+ Kxd8 32. Nf4 g5 33. hxg5 hxg5 34. a3 Nc6 35. Rd5+ Ke7 36. Ng6+ Kf6 37. Rd6+ Kg7 38. f4 gxf4 39. Nxf4 Re7 40.
b4 Kf7 41. Nd5 Re2 42. g3 Ra2 43. Nc3 Rg2 44. Rd7+ Ke6 45. Rxb7 Rxg3 46. Kb2 Nd4 47.
Rb6+ Ke5 48. Na4 f4 49. c6 Rg7 50. Rb7 Rg2+ 51. Kc3 Nxc6 52. Nc5 Rg3+ 53. Kb2 f3 54. Rf7 Nd4 55. Kc3 Nf5 56. Kd2 Rg2+ 57. Ke1 Ra2 58.
Nxa6 Kf4 59. Nc5 Ke3 60. Kd1 Nd4 61. Re7+ Kf2 62. Nd3+ Kg3 63. Rg7+ Kh4 64. Rf7 Kg3 65. Rg7+ Kh4 66. Rf7 Kg3 67. Rg7+ Kh2 68. Rf7 Rxa3 69. Ne5 Kg3 70. Nxf3 Nxf3 71. Kc2 Nd4+ 72. Kd2 Rb3 73. Rd7 Nc6 74. Rd3+ Rxd3+ 75. Kxd3 Nxb4+ 1/2-1/2

[Event "*** Titled Tuesday 3|2 Blitz"]
[Site "Chess.com"]
[Date "2016.09.06"]
[Round "9"]
[White "Gabrielian_Artur"]
[Black "Newlight1"]
[Result "1/2-1/2"]
[WhiteElo "2540"]
[BlackElo "2508"]
[TimeControl "180+2"]
[EndTime "18:53:31 PDT"]
[Termination "Game drawn - insufficient material"]

1. e4 c6 2. d3 d5 3. Nd2 Nf6 4.
Ngf3 e5 5. Nxe5 Bd6 6. Nef3 Nbd7 7. Be2 O-O 8. O-O Re8 9. exd5 cxd5 10. Nd4 Nc5 11. N2f3 Bd7 12. Bg5 h6 13. Bh4 Rc8 14. c3 Bf4 15. Bg3 Nh5 16. Re1 Nxg3 17. hxg3 Bd6 18.
Bf1 Rxe1 19. Qxe1 Qf6 20. Qd2 h5 21. Re1 g6 22. Nb3 b6 23. Nbd4 Bg4 24. Be2 a6 25. Bd1 b5 26. b4 Nd7 27. Bb3 Bxf3 28. gxf3 Bxb4 29. cxb4 Qxd4 30. Qg5 Nf6 31. Kg2 Kg7 32. Re3 Rc3 33. Qe5 Qxb4 34. d4 Rxe3 35. Qxe3 Qd6 36. Qc3 Ng8 37. a4 Ne7 38. axb5 axb5 39.
Ba2 b4 40. Qd2 Qb6 41. Bb3 Nc6 42. Bxd5 Qxd4 43. Qa2 Ne5 44. f4 Nd3 45. Bxf7 Qe4+ 46. Kh2 Nxf2 47. Bd5 Ng4+ 48. Kh3 Qe1 49. Qa7+ Kh6 50.
Qf7 Qc3 51. Qf8+ Qg7 52. Qxb4 Qf6 53. Bf3 Ne3 54. Qd2 Nf5 55. Kg2 Qd4 56. Qxd4 Nxd4 57. Bd5 Kg7 58. Kf2 Kf6 59. Be4 Nf5 60. Bxf5 Kxf5 61.
Kf3 Kf6 62. Ke4 Ke6 63. Ke3 Kf5 64. Kf3 Kf6 65. g4 hxg4+ 66. Kxg4 Kf7 67. f5 gxf5+ 68. Kxf5 1/2-1/2

[Event "*** Titled Tuesday 3|2 Blitz"]
[Site "Chess.com"]
[Date "2016.09.06"]
[Round "9"]
[White "MaestroASK"]
[Black "saraswathii"]
[Result "0-1"]
[WhiteElo "2452"]
[BlackElo "2167"]
[TimeControl "180+2"]
[EndTime "18:54:15 PDT"]
[Termination "saraswathii won by resignation"]

1. g3 Nc6 2. Bg2 d5 3. d3 Nf6 4. Nd2 g6 5. e4 dxe4 6. dxe4 Bg7 7. Nh3 Bg4 8. f3 Bc8 9. Nf2 O-O 10. O-O e5 11. c3 Be6 12. Bh3 Bxh3 13. Nxh3 Qe7 14. Qe2 Rad8 15. Nf2 Nd7 16. Nb3 Nb6 17. Be3 Rfe8 18.
Rfd1 Nc8 19. Nc5 Nd6 20. Rd2 Na5 21. b3 f5 22. Rad1 Nc6 23. Kg2 Rf8 24. Nh3 b6 25. Na6 h6 26. exf5 Rxf5 27. Nf2 Rdf8 28. Rxd6 cxd6 29.
Qc4+ Kh7 30. Qxc6 Rxf3 31. Re1 Qf7 32. Nd1 d5 33. Qb5 g5 34. Qe2 d4 35. cxd4 exd4 36. Bg1 d3 37. Qe4+ Kh8 38. Nb4 d2 39. Re2 Rf1 40. Rf2 Rxf2+ 41. Bxf2 Qf6 42. Qe2 Qd6 43.
Nd3 Qd5+ 44. Kg1 Rd8 45. Nb4 Qd6 46. Nc2 Rc8 47. Nce3 Rc1 48. Kg2 Qc6+ 49. Qf3 Qxf3+ 50.
Kxf3 Ra1 51. Ke2 Rxa2 52. Nc4 Bf8 53. Nxd2 Bb4 54. Be3 Ra3 55. Bd4+ Kh7 56. Bb2 Ra2 57. Kd3 Ba3 58. Bxa3 Rxa3 59. Kc2 Ra2+ 60. Kc3 Ra1 61. Nf2 Re1 62. Kd3 Kg6 63. Ng4 Rh1 64. Nf3 h5 65.
Nf2 Rf1 66. Ke2 Rb1 67. Nd2 Rc1 68. h3 Rc3 69. g4 h4 70. b4 a5 71. bxa5 bxa5 72. Nf3 a4 73. Ne4 Rb3 74. Nc5 Rb2+ 75. Nd2 a3 76. Nd3 Rxd2+ 77. Kxd2 a2 78. Ke3 a1=Q 79. Nf2 Qc3+ 80. Ke2 Kf7 81. Kf1 Ke6 82.
Ke2 Ke5 83. Kf1 Qf3 84. Ke1 Kf4 0-1